 Dungeon Crawl Stone Soup version 0.25.0-9-g26727b657a (webtiles) character file.

Game seed: 8631469786946898033

77 Lekan the Charmwright (level 4, -1/29 HPs)
             Began as a Halfling Skald on June 18, 2020.
             Succumbed to a scorpion's poison
             ... on level 3 of the Dungeon.
             The game lasted 00:11:00 (2947 turns).

Lekan the Charmwright (Halfling Skald)              Turns: 2947, Time: 00:11:01

Health: -1/29      AC:  3    Str: 12    XL:     4   Next: 60%
Magic:  4/6        EV: 15    Int: 11    God:
Gold:   39         SH:  0    Dex: 14    Spells: 3/6 levels left

rFire    . . .     SeeInvis .   a - +0 short sword
rCold    . . .     Gourm    .   (shield restricted)
rNeg     . . .     Faith    .   b - +0 leather armour
rPois    .         Spirit   .   (no helmet)
rElec    .         Reflect  .   (no cloak)
rCorr    .         Harm     .   (no gloves)
MR       .....                  (no boots)
Stlth    ..........             k - amulet of inaccuracy (curse)
HPRegen  0.09/turn              m - ring of attention (curse)
MPRegen  0.10/turn              (no ring)

@: lethally poisoned (-1 -> -20), very slightly contaminated
A: small, mutation resistance 1
a: no special abilities


You were on level 3 of the Dungeon.
You were hungry.

You visited 1 branch of the dungeon, and saw 4 of its levels.

You collected 39 gold pieces.

Inventory:

Hand Weapons
 a - a +0 short sword (weapon)
Missiles
 c - 7 poisoned darts (quivered)
Armour
 b - a +0 leather armour (worn)
Jewellery
 k - a cursed amulet of inaccuracy (around neck)
 m - a cursed ring of attention (left hand)
 o - an uncursed ring of protection from fire {unknown}
 p - a +6 ring of intelligence {unknown}
Scrolls
 e - 4 scrolls of teleportation
 f - 3 scrolls of blinking
 g - a scroll of identify
 q - a scroll of fog {unknown}
Potions
 h - a potion of mutation {unknown}
 i - a potion of brilliance {unknown}
 j - a potion of lignification {unknown}
 l - a potion of might {unknown}
 n - a potion of magic {unknown}
Comestibles
 d - a ration


   Skills:
 + Level 2.0 Fighting
 + Level 3.5 Short Blades
 + Level 1.4 Armour
 + Level 3.1 Dodging
 + Level 0.5 Stealth
 + Level 1.7 Spellcasting
 + Level 3.8 Charms


You had 3 spell levels left.
You knew the following spells:

 Your Spells              Type           Power        Failure   Level  Hunger
a - Infusion              Chrm           #...         8%          1    ##.....
b - Song of Slaying       Chrm           #.......     12%         2    ###....

Your spell library contained the following spells:

 Spells                   Type           Power        Failure   Level  Hunger
 Shroud of Golubria       Chrm/Tloc      #.....       26%         2    ###....
 Magic Dart               Conj           #...         36%         1    ##.....
 Ozocubu's Armour         Chrm/Ice       #.......     45%         3    ####...
 Spectral Weapon          Hex/Chrm       #.......     45%         3    ####...
 Blink                    Tloc           N/A          50%         2    ###....
 Call Imp                 Summ           #.......     50%         2    ###....
 Slow                     Hex            #.......     50%         2    ###....
 Conjure Flame            Conj/Fire      #.......     75%         3    ####...
 Mephitic Cloud           Conj/Pois/Air  #.......     75%         3    ####...


Dungeon Overview and Level Annotations

Branches:
Dungeon (4/15)             Temple (0/1) D:4

Altars:

Shops:
D:4 (


Innate Abilities, Weirdness & Mutations

You are small and have problems with some larger weapons.
You are somewhat resistant to further mutation.


Message History

You are very lightly contaminated with residual magic.
Nothing appears to happen.
You feel sick. The scorpion stings you.
You hit the scorpion but do no damage.
The scorpion is moderately wounded.
You feel sick. The scorpion stings you.
You are more poisoned.
The scorpion poisons you!
You feel sick.
* * * LOW HITPOINT WARNING * * *
You feel sick.
Found a scroll of identify.
* * * LOW HITPOINT WARNING * * *
You feel sick.
* * * LOW HITPOINT WARNING * * *
You feel sick.
* * * LOW HITPOINT WARNING * * *
You feel sick.
* * * LOW HITPOINT WARNING * * *
You feel sick.
You die...

.....................#
.....................#
.....................#
.....................#
.....................#
.....................#
..........>........?.#
...............s.....#
..######.......#@#####
..# #......##.# ..#
#.........# ..#
#......#### #......#
###....#


You could see a scorpion.

Vanquished Creatures
  An adder (D:3)
  2 oozes (D:2)
  A worm (D:3)
  A dart slug (D:2)
  3 leopard geckos (D:1)
  An orc (D:2)
  4 giant cockroaches
  5 goblins
  6 hobgoblins
  3 jackals (D:1)
  7 kobolds
  5 bats
  5 frilled lizards
  4 rats
48 creatures vanquished.

Notes
Turn   | Place    | Note
-------+----------+-------------------------------------------
     0 | D:1      | Lekan the Halfling Skald began the quest for the Orb.
     0 | D:1      | Reached XP level 1. HP: 14/14 MP: 3/3
   240 | D:1      | Reached XP level 2. HP: 14/19 MP: 4/4
   388 | D:1      | Learned a level 2 spell: Song of Slaying
   613 | D:1      | Reached XP level 3. HP: 24/24 MP: 5/5
  1475 | D:2      | Reached XP level 4. HP: 25/29 MP: 6/6
  2877 | D:3      | You fall into a shaft and drop 1 floor!
  2888 | D:4      | Found a staircase to the Ecumenical Temple.
  2898 | D:4      | Found Jaeniolef's Antique Weapon Emporium.
  2946 | D:3      | HP: 1/29 [poisoned by a scorpion]
  2947 | D:3      | Succumbed to a scorpion's poison

Illustrated notes

Levels and vault maps discovered:
D:1:      psy_arrival_terrarium, layout_basic
D:2:      minmay_evil_eye, layout_basic
D:3:      layout_basic, old_standard_altar, minmay_snake_closets
D:4:      layout_basic, fedhas_altar_4, lemuel_doored_altar,
          kennysheep_slug_shrine, minmay_temple_entry_waves,
          ebering_ghost_reflecting_pool, serial_shops, nicolae_shop_trees,
          minmay_misc_feat_nine_boxes

Skill      XL: |  1  2  3  4 |
---------------+-------------+-----
Fighting       | 2 |  2.0
Short Blades   | 3 |  3.5
Dodging        | 3 |  3.1
Armour         | |  1.4
Stealth        | |  0.5
Spellcasting   | |  1.7
Charms         | |  3.8

Action                   |  1- 3 |  4- 6 || total
-------------------------+-------+-------++-------
Melee: Short sword       |   168 |    73 ||   241
Throw: Dart              |       |    11 ||    11
 Cast: Infusion          |     3 |     2 ||     5
       Song of Slaying   |     3 |     1 ||     4
  Use: Scroll            |     2 |       ||     2
 Stab: Sleeping          |       |     1 ||     1
  Eat: Chunk             |     2 |     1 ||     3
       Ration            |       |     1 ||     1
Armor: Leather armour    |    37 |    12 ||    49
Dodge: Dodged            |   145 |    63 ||   208
